 Dungeon Crawl Stone Soup version 0.29.1-2-gbd0b4ee654 (webtiles) character file.

Game seed: 10115081790874625032

89 cdecastro the Sneak (level 4, -2/22 HPs)
             Began as a Spriggan Brigand on Oct 31, 2022.
             Slain by an orc
             ... wielding a +0 hand axe
              (6 damage)
             ... on level 3 of the Dungeon.
             The game lasted 00:04:16 (2548 turns).

cdecastro the Sneak (Spriggan Brigand)              Turns: 2548, Time: 00:04:16

Health: -2/22      AC:  3    Str:  7    XL:     4   Next: 31%
Magic:  5/5        EV: 16    Int: 14    God:
Gold:   128        SH:  0    Dex: 16    Spells: 3/3 levels left

rFire   . . .      SeeInvis +   a - +2 dagger
rCold   . . .      Faith    .   (no shield)
rNeg    . . .      Spirit   .   b - +0 robe
rPois   .          Reflect  .   (helmet restricted)
rElec   .          Harm     .   c - +0 cloak
rCorr   .          Rampage  .   (gloves unavailable)
Will    .....                   (boots unavailable)
Stlth   ++++......              (no amulet)
HPRegen 0.07/turn               (no ring)
MPRegen 0.09/turn               (no ring)

@: very quick
A: very small, no large weapons, unfitting armour, see invisible, speed 3
a: no special abilities


You were on level 3 of the Dungeon.
You visited 1 branch of the dungeon, and saw 3 of its levels.

You collected 128 gold pieces.

Inventory:

Hand Weapons
 a - a +2 dagger (weapon)
Missiles
 d - 15 poisoned darts (quivered)
 e - 3 curare-tipped darts
 g - 34 stones
 r - 5 javelins
Armour
 b - a +0 robe (worn)
 c - a +0 cloak (worn)
Jewellery
 n - a ring of positive energy
Scrolls
 h - 3 scrolls of noise {unknown}
 j - 2 scrolls of enchant armour {unknown}
 k - a scroll of immolation {unknown}
 l - a scroll of teleportation {unknown}
 m - a scroll of fog {unknown}
 o - a scroll of poison {unknown}
 q - a scroll of brand weapon {unknown}
Potions
 f - 3 potions of attraction {unknown}
 i - a potion of ambrosia {unknown}
 p - a potion of might {unknown}


   Skills:
 - Level 1.5 Fighting
 - Level 2.1 Short Blades
 * Level 4.0 Throwing
 - Level 1.3 Dodging
 + Level 6.9 Stealth


You had 3 spell levels left.
You didn't know any spells.
Your spell library contained the following spells:

 Spells                   Type           Power      Damage    Failure   Level
 Necrotise                Necr           0%         1d4       28%         1
 Gell's Gravitas          Tloc           0%         N/A       65%         3
 Teleport Other           Tloc           0%         N/A       65%         3
 Vampiric Draining        Necr           0%         2d6       65%         3
 Agony                    Necr           0%         N/A       100%        5
 Dispersal                Tloc           0%         N/A       100%        6


Dungeon Overview and Level Annotations

Branches:
Dungeon (3/15)

Altars:


Innate Abilities, Weirdness & Mutations

You are very small and have problems with some larger weapons.
You are too small for most types of armour.
You have supernaturally acute eyesight. (SInv)
You cover ground extremely quickly. (Speed+++)


Message History

Aim: an orc priest, wielding a +0 club and wearing a +0 leather armour (heavily wounded, very poisoned, 62% to hit)
You throw a poisoned dart. The poisoned dart hits the orc priest.
The orc priest looks even sicker.
The orc priest is heavily wounded.
The orc hits you with a +0 hand axe. The orc priest hits you with a +0 club.
You hit the orc priest but do no damage.
The orc priest is heavily wounded.
The orc completely misses you. The orc priest hits you with a +0 club.
Unknown command.
You hit the orc priest.
The orc priest is severely wounded.
The orc misses you.
The orc priest looks braver for a moment.
Unknown command.
You closely miss the orc priest.
The orc priest is almost dead.
The orc hits you with a +0 hand axe.
* * * LOW HITPOINT WARNING * * *
The orc priest looks encouraged for a moment.
Unknown command.
You barely miss the orc priest.
The orc priest is almost dead.
The orc hits you with a +0 hand axe.
* * * LOW HITPOINT WARNING * * *
The orc priest misses you.
Unknown command.
You hit the orc priest but do no damage.
The orc priest is almost dead.
The orc barely misses you.
The orc priest calls upon Beogh to heal the orc.
The orc's wounds heal themselves!
Unknown command.
You barely miss the orc priest.
The orc priest is almost dead.
The orc hits you but does no damage. The orc priest barely misses you.
Unknown command.
You barely miss the orc priest.
The orc priest is almost dead.
The orc hits you with a +0 hand axe.
You die...

#.. #....# #.# #....#
#.######### #....#
....#.....## #....#
...........## #....#
............# ##>...#
............###.....#
............##oooo..# #
.............o.#@...#
.###
............####....#
.... ..........o.#
########oo# .......o...##
#..o.oo#
..........########.######
......#######......##
###......o.o..o.....#
##...######..######...#
..#.##......## ####


You could see an orc priest (very poisoned) and 3 orcs.

Vanquished Creatures
  2 adders (D:2)
  A gnoll (D:1)
  A worm (D:2)
  9 ball pythons
  6 endoplasms
  2 giant cockroaches (D:1)
  4 hobgoblins
  11 kobolds
  6 quokkas
  5 bats
  2 frilled lizards
  2 goblins
  4 rats
55 creatures vanquished.

Vanquished Creatures (others)
  6 plants (D:3)
6 creatures vanquished.

Grand Total: 61 creatures vanquished

Notes
Turn   | Place    | Note
-------+----------+-------------------------------------------
     0 | D:1      | cdecastro the Spriggan Brigand began the quest for the Orb.
     0 | D:1      | Reached XP level 1. HP: 10/10 MP: 2/2
   110 | D:1      | Reached skill level 6 in Stealth
   153 | D:1      | Reached XP level 2. HP: 14/14 MP: 3/3
   696 | D:1      | Reached XP level 3. HP: 18/18 MP: 4/4
  1965 | D:2      | Reached XP level 4. HP: 20/22 MP: 5/5
  2548 | D:3      | Slain by an orc

Illustrated notes

Levels and vault maps discovered:
D:1:      lightli_arrival_statue_moat, layout_basic, minmay_pentomino_w4
D:2:      layout_loops_cross, st_stairs_4
D:3:      layout_rooms, serial_shops, shop, dreamdust_ecumenical_altar_statues,
          ebering_dispersal_statue_hall, serial_bayou_lagoon_a,
          minmay_misc_feat_roman, uniq_sigmund

Skill      XL: |  1  2  3  4 |
---------------+-------------+-----
Stealth        | 6 |  6.9
Throwing       | 3 4 |  4.0
Fighting       | |  1.5
Short Blades   | |  2.1
Dodging        | |  1.3

Action                   |  1- 3 |  4- 6 || total
-------------------------+-------+-------++-------
Melee: Dagger            |   112 |    47 ||   159
       Punch             |       |     1 ||     1
Throw: Dart              |     4 |     5 ||     9
 Stab: Sleeping          |    17 |     4 ||    21
       Distracted        |       |     1 ||     1
Armor: Robe              |    15 |    10 ||    25
Dodge: Dodged            |    64 |    24 ||    88
